 Dungeon Crawl Stone Soup version 0.31-a0-246-g8cbcc1cb85 (webtiles) character file.

Game seed: 9141961181074599037

74 qw the Shooter (level 4, 0/26 HPs)
             Began as a Gargoyle Hexslinger on July 12, 2023.
             Slain by an iguana (8 damage)
             ... on level 3 of the Dungeon.
             The game lasted 00:00:48 (1948 turns).

qw the Shooter (Gargoyle Hexslinger)                Turns: 1948, Time: 00:00:49

Health: 0/26       AC:  7    Str: 17    XL:     4   Next: 28%
Magic:  5/5        EV: 16    Int: 14    God:
Gold:   102        SH:  0    Dex: 14    Spells: 4/5 levels left

rFire   . . .        Y - +2 sling
rCold   . . .        (no shield)
rNeg    + . .        d - +0 leather armour
rPois   inf          (no helmet)
rElec   +            (no cloak)
rCorr   .            (no gloves)
SInv    .            o - +0 pair of boots
Will    .....        (no amulet)
Stlth   +            b - +6 ring of strength
HPRegen 0.24/turn    e - +5 ring of evasion
MPRegen 0.09/turn

%: no passive effects
@: no status effects
A: sickness immunity, AC +3, negative energy resistance 1, electricity
resistance, torment resistance 1, petrification resistance
a: no special abilities


You were on level 3 of the Dungeon.
You visited 1 branch of the dungeon, and saw 3 of its levels.

You collected 102 gold pieces.


Innate Abilities, Weirdness & Mutations

You are immune to sickness and miasma.
Your stone body is resilient. (AC +3)
You are immune to poison.
You resist negative energy. (rN+)
You are resistant to electric shocks. (rElec)
You are resistant to unholy torment.
You are immune to petrification.


   Skills:
 - Level 2.0 Fighting
 + Level 4.1 Ranged Weapons
 - Level 1.5 Dodging
 - Level 1.0 Spellcasting
 - Level 2.6 Hexes


You had 4 spell levels left.
You knew the following spells:

 Your Spells              Type           Power      Damage    Failure   Level
a - Slow                  Hex            32%        N/A       11%         1

Your spell library contained the following spells:

 Spells                   Type           Power      Damage    Failure   Level
 Inner Flame              Hex/Fire       4%         N/A       50%         3
 Portal Projectile        Hex/Tloc       8%         N/A       50%         3
 Cause Fear               Hex            4%         N/A       71%         4

Inventory:

Hand Weapons
 Y - a +2 sling (weapon)
Armour
 d - a +0 leather armour (worn)
 o - a +0 pair of boots (worn)
Jewellery
 b - a +6 ring of strength (left hand)
 e - a +5 ring of evasion (right hand)
Scrolls
 a - a scroll of identify
 k - a scroll of teleportation
Potions
 c - a potion of haste
 f - a potion of berserk rage {unknown}
 g - a potion of attraction {unknown}
 h - a potion of ambrosia {unknown}
 m - a potion of curing
 n - a potion of degeneration {unknown}

Dungeon Overview and Level Annotations

Branches:
Dungeon (3/15)

Altars:
Xom
Zin

Shops:
D:1 =([!(


Message History

You shoot a sling bullet. The sling bullet hits the quokka.
The quokka is almost dead.
The quokka bites you. The quokka misses you.
You shoot a sling bullet. The sling bullet hits the quokka.
You kill the quokka!
The iguana completely misses you.
You shoot a sling bullet.
The sling bullet hits the iguana but does no damage.
The iguana bites you.
The frilled lizard bites you but does no damage.
You shoot a sling bullet. The sling bullet hits the iguana.
The iguana is moderately wounded.
The iguana barely misses you. The frilled lizard bites you.
You shoot a sling bullet.
The sling bullet closely misses the iguana.
The iguana bites you but does no damage.
The frilled lizard completely misses you.
The iguana closely misses you. The frilled lizard closely misses you.
You shoot a sling bullet.
The sling bullet barely misses the iguana.
An adder comes into view.
The iguana closely misses you. The frilled lizard misses you.
You shoot a sling bullet. The adder hisses angrily.
The sling bullet hits the iguana.
The iguana is heavily wounded.
The iguana closely misses you. The frilled lizard closely misses you.
The angel lectures the ground at length about the books of the Law.
You shoot a sling bullet. The sling bullet hits the iguana.
The iguana is severely wounded.
The iguana bites you but does no damage.
The frilled lizard barely misses you.
You shoot a sling bullet.
The sling bullet hits the iguana but does no damage.
The iguana is severely wounded.
The iguana bites you! The frilled lizard misses you.
You shoot a sling bullet. The sling bullet hits the iguana.
The iguana is severely wounded.
The adder bites you but does no damage. The iguana bites you!
You die...

#.# .. . .... #.# ..
..... ####.####.# .
#.... #.........#.#
#.#.#...####.##..<.....#
...............)#####...
........####.##.###
._....S#####......#
####..l@.##......^#
A..#..l#..........[.
...#...####.#.....##.
...#..# #.......# .
####.. .....).... ._....
.......#### .....
..)###... ##... ....#
.## ###.# #


You could see an angel (confused), an iguana, an adder and a frilled lizard.

Vanquished Creatures
  A worm (D:2)
  A dart slug (D:2)
  An orc (D:3)
  10 endoplasms
  9 giant cockroaches
  5 goblins
  6 hobgoblins
  2 jackals (D:1)
  9 quokkas
  3 ball pythons
  A frilled lizard (D:1)
  3 kobolds
  5 rats
56 creatures vanquished.

Notes
Turn   | Place    | Note
-------+----------+-------------------------------------------
     0 | D:1      | qw the Gargoyle Hexslinger began the quest for the Orb.
     0 | D:1      | Reached XP level 1. HP: 12/12 MP: 2/2
     0 | D:1      | 0 ||| qw: Version: 0.3-a-52-g30416fa
     0 | D:1      | 0 ||| qw: Game counter: 6242
     0 | D:1      | 0 ||| qw: Melee chars always use a shield: true
     0 | D:1      | 0 ||| qw: God list: Okawaru
     0 | D:1      | 0 ||| qw: Allow faded altars: false
     0 | D:1      | 0 ||| qw: Do Orc after clearing Dungeon:15 true
     0 | D:1      | 0 ||| qw: Do second Lair branch before Depths: true
     0 | D:1      | 0 ||| qw: Lair rune preference: random
     0 | D:1      | 0 ||| qw: Goals: Normal
     0 | D:1      | 0 ||| PLANNING D:1-11
   114 | D:1      | Reached XP level 2. HP: 16/16 MP: 3/3
   167 | D:1      | Found Atuning's Distillery.
   177 | D:1      | 177 ||| SHOPLISTING potion of cancellation (112 gold, have
                  | 0).
   177 | D:1      | 177 ||| SHOPLISTING potion of curing (42 gold, have 0).
   177 | D:1      | 177 ||| SHOPLISTING potion of haste (140 gold, have 0).
   177 | D:1      | 177 ||| SHOPLISTING potion of heal wounds (70 gold, have
                  | 0).
   177 | D:1      | 177 ||| SHOPLISTING potion of might (56 gold, have 0).
   288 | D:1      | Found Jiuwus's Antique Weapon Shop.
   296 | D:1      | 296 ||| SHOPLISTING jewelled sling (123 gold, have 0).
   328 | D:1      | Found a faded altar of an unknown god.
   428 | D:1      | Reached skill level 3 in Ranged Weapons
   442 | D:1      | Found Ynotoheg's Armour Shoppe.
   472 | D:1      | 472 ||| SHOPLISTING +0 cloak (58 gold, have 7).
   472 | D:1      | 472 ||| SHOPLISTING +0 helmet of intelligence (149 gold,
                  | have 7).
   472 | D:1      | 472 ||| SHOPLISTING +0 leather armour (26 gold, have 7).
   472 | D:1      | 472 ||| SHOPLISTING +0 ring mail (52 gold, have 7).
   472 | D:1      | 472 ||| SHOPLISTING +3 leather armour of willpower (312
                  | gold, have 7).
   472 | D:1      | 472 ||| SHOPLISTING +4 ring mail of cold resistance (403
                  | gold, have 7).
   522 | D:1      | Found Siukliba's Jewellery Emporium.
   536 | D:1      | 536 ||| SHOPLISTING +4 ring of slaying (780 gold, have 7).
   841 | D:1      | Reached XP level 3. HP: 21/21 MP: 4/4
   989 | D:1      | Found Veulitug's Weapon Emporium.
   997 | D:1      | 997 ||| SHOPLISTING +10 sling "Myaj" {heavy, Fly Dex+7
                  | Stlth-} (826 gold, have 20).
  1154 | D:1      | 1154 ||| UPGRADING to +0 leather armour.
  1164 | D:1      | 1164 ||| DROPPING +0 robe.
  1165 | D:1      | 1165 ||| DROPPING scarf of harm.
  1166 | D:1      | 1166 ||| DROPPING scroll of poison.
  1572 | D:2      | Reached XP level 4. HP: 26/26 MP: 5/5
  1864 | D:2      | 1864 ||| UPGRADING to +0 pair of boots.
  1869 | D:2      | 1869 ||| UPGRADING to +6 ring of strength.
  1870 | D:2      | 1870 ||| UPGRADING to +5 ring of evasion.
  1871 | D:2      | 1871 ||| READING scroll labelled IMAN GIMUE.
  1872 | D:2      | 1872 ||| READING scroll labelled UDARGH ROSAALIBB.
  1873 | D:2      | 1873 ||| READING 2 scrolls labelled WYOSKE OPUEBB.
  1878 | D:2      | 1878 ||| READING scroll labelled VEKOTHROHUD.
  1879 | D:2      | 1879 ||| DRINKING 2 lumpy white potions.
  1880 | D:2      | 1880 ||| DRINKING 2 smoky sapphire potions.
  1906 | D:3      | Reached skill level 4 in Ranged Weapons
  1932 | D:3      | Found a glowing silver altar of Zin.
  1933 | D:3      | Found a shimmering altar of Xom.
  1933 | D:3      | Noticed an angel
  1934 | D:3      | 1934 ||| READING scroll labelled JAUCUEM QASOUG.
  1948 | D:3      | Slain by an iguana

Levels and vault maps discovered:
D:1:      lightli_arrival_noodles, layout_basic,
          dreamdust_ecumenical_altar_statues, serial_shops,
          nicolae_shop_waterfront, shop, shop, shop, shop,
          minmay_strange_pillars, chequers_serial_rivers_room_b
D:2:      minmay_roachtagon, layout_basic, minmay_pentomino_q2
D:3:      layout_loops_ring, grunt_temple_overflow_order_and_chaos_1

Skill      XL: |  1  2  3  4 |
---------------+-------------+-----
Ranged Weapons | 3 4 |  4.1
Fighting       | 2 |  2.0
Dodging        | |  1.5
Spellcasting   | |  1.0
Hexes          | |  2.6

Action                     |  1- 3 |  4- 6 || total
---------------------------+-------+-------++-------
   Fire: Sling             |   149 |    46 ||   195
    Use: Scroll            |       |     5 ||     5
         Potion            |       |     2 ||     2
 Armour: Robe              |    10 |       ||    10
         Leather armour    |    17 |     8 ||    25
  Dodge: Dodged            |    51 |    14 ||    65

Table legend:
 A = Non-vault XP
 B = Vault XP
 C = Vault XP percentage of total XP
 D = Non-vault monster count
 E = Vault monster count
 F = Vault count percentage of total count
                 A         B        C        D         E       F
            +---------+---------+-------+---------+---------+-------
      Total |      86 |      20 |  18.9 |      46 |      10 |  17.9
            +---------+---------+-------+---------+---------+-------
        D:1 |      40 |       0 |   0.0 |      24 |       0 |   0.0
        D:2 |      31 |      20 |  39.2 |      15 |      10 |  40.0
        D:3 |      15 |       0 |   0.0 |       7 |       0 |   0.0
            +---------+---------+-------+---------+---------+-------
